 Dungeon Crawl Stone Soup version 0.20.0-15-g7f486f2 (webtiles) character file.

171 kuniqs the Skirmisher (level 5, 0/33 HPs)
             Began as a Gargoyle Fighter on June 10, 2017.
             Slain by Ijyb (3 damage)
             ... on level 3 of the Dungeon.
             The game lasted 00:02:50 (1756 turns).

kuniqs the Skirmisher (Gargoyle Fighter)            Turns: 1756, Time: 00:02:51

Health: 0/33       AC: 14    Str: 20    XL:     5   Next: 51%
Magic:  5/5        EV:  6    Int:  8    God:
Gold:   109        SH:  9    Dex: 14    Spells: 4/4 levels left

rFire    . . .     SeeInvis .   a - +0 flail
rCold    . . .     Gourm    .   c - +0 shield
rNeg     + . .     Faith    .   i - +0 chain mail
rPois    ∞         Spirit   .   n - +0 helmet
rElec    +         Reflect  .   (no cloak)
rCorr    .         Harm     .   (no gloves)
MR       .....                  (no boots)
Stlth    ..........             (no amulet)
Regen    0.2/turn               m - +4 ring of dexterity
MPRegen  0.1/turn               (no ring)

@: no status effects
A: negative energy resistance 1, electricity resistance, unbreathing,
petrification resistance, rot immunity, AC +4
a: no special abilities


You were on level 3 of the Dungeon.
You were hungry.

You visited 1 branch of the dungeon, and saw 3 of its levels.

You collected 109 gold pieces.

Inventory:

Hand Weapons
 a - a +0 flail (weapon)
Armour
 c - a +0 shield (worn)
 i - a +0 chain mail (worn)
 n - a +0 helmet (worn)
Jewellery
 m - a +4 ring of dexterity (left hand)
Wands
 q - a wand of iceblast (9/15)
Scrolls
 g - a scroll of teleportation
 l - 3 scrolls of remove curse {@r2}
 o - a scroll of enchant armour {unknown}
Potions
 b - a potion of curing {unknown}
 f - a potion of might
 h - a potion of invisibility {unknown}
 j - a potion of lignification {unknown}
 p - a potion of heal wounds {unknown}
 s - 2 potions of brilliance {unknown}
Comestibles
 d - a bread ration
 e - a meat ration
 k - 10 chunks of flesh
 r - a royal jelly


   Skills:
 + Level 4.1 Fighting
 + Level 2.8 Maces & Flails
 + Level 4.0 Armour
 + Level 2.1 Dodging
 + Level 4.0 Shields


You had 4 spell levels left.
You didn't know any spells.

Dungeon Overview and Level Annotations

Branches:
Dungeon (3/15)

Altars:

Annotations:
D:3 Ijyb


Innate Abilities, Weirdness & Mutations

You are resistant to torment.
Your stone body is resilient. (AC +4)
You are immune to poison.
You resist negative energy. (rN+)
You are resistant to electric shocks. (rElec)
You can survive without breathing.
You are immune to petrification.
You are immune to rotting.


Message History

Ijyb zaps a wand.
The puff of flame hits you!
* * * LOW HITPOINT WARNING * * *
The kobold hits you but does no damage. You block Ijyb's attack.
You block the kobold's attack.
You closely miss Ijyb.
Ijyb is heavily wounded.
Ijyb zaps a wand.
The puff of flame hits you! The kobold hits you but does no damage.
You closely miss Ijyb.
Ijyb is heavily wounded.
Ijyb screams, "Me stronger than you!"
Ijyb zaps a wand.
The puff of flame hits you! The kobold hits you but does no damage.
You thump Ijyb!
Ijyb is severely wounded.
You block Ijyb's attack. The kobold hits you but does no damage.
You closely miss Ijyb.
Ijyb is severely wounded.
Ijyb barely misses you. The kobold barely misses you. Ijyb hits you.
You die...

#...# #...#
#################...##
+.>...................
##.################.#.
#....# #.#. #.##(#
#.#. #.##(# #.#.
..##@# #.#.
##.##gK...... ##.##
#........%.. ......
............ ###.##
............ #.##
............ #...
#######.##... #### ##
...


You could see Ijyb and a kobold.

Vanquished Creatures
  A crimson imp (D:3)
  Robin (D:2)
  3 adders
  An ooze (D:3)
  2 worms
  3 dart slugs
  A leopard gecko (D:1)
  An orc (D:3)
  3 giant cockroaches
  8 hobgoblins
  3 jackals (D:1)
  6 kobolds
  A quokka (D:2)
  A ball python (D:3)
  10 bats
  6 frilled lizards
  20 goblins
  6 rats
77 creatures vanquished.

Notes
Turn   | Place    | Note
-------+----------+-------------------------------------------
     0 | D:1      | kuniqs the Gargoyle Fighter began the quest for the Orb.
     0 | D:1      | Reached XP level 1. HP: 14/14 MP: 1/1
   156 | D:1      | Reached XP level 2. HP: 19/19 MP: 2/2
   172 | D:1      | Reached skill level 1 in Dodging
   377 | D:1      | Reached XP level 3. HP: 23/23 MP: 3/3
   994 | D:2      | Reached XP level 4. HP: 26/29 MP: 4/4
  1164 | D:2      | Noticed Robin
  1230 | D:2      | Killed Robin
  1543 | D:3      | Reached XP level 5. HP: 33/33 MP: 5/5
  1730 | D:3      | Noticed Ijyb
  1756 | D:3      | Slain by Ijyb

Skill      XL: |  1  2  3  4  5 |
---------------+----------------+-----
Dodging        | 1 2 |  2.1
Fighting       | 4 |  4.1
Armour         | 4 |  4.0
Shields        | 4 |  4.0
Maces & Flails | |  2.8

Action                   |  1- 3 |  4- 6 || total
-------------------------+-------+-------++-------
Melee: Flail             |   153 |   152 ||   305
  Use: Scroll            |       |     3 ||     3
  Eat: Chunk             |     1 |     2 ||     3
Armor: Scale mail        |    14 |       ||    14
       Chain mail        |    98 |    93 ||   191
Dodge: Dodged            |    33 |    58 ||    91
Block: Shield            |   107 |    92 ||   199
